 Dungeon Crawl Stone Soup version 0.22.0 (webtiles) character file.

12805 AymanAU the Warrior (level 11, 0/114 HPs)
             Began as a Minotaur Fighter on Nov 5, 2018.
             Was an Elder of Okawaru.
             Slain by a white ugly thing (27 damage)
             ... on level 11 of the Dungeon.
             The game lasted 00:29:54 (11732 turns).

AymanAU the Warrior (Minotaur Fighter)             Turns: 11732, Time: 00:29:54

Health: 0/114      AC: 17    Str: 27    XL:     11   Next: 67%
Magic:  10/10      EV: 12    Int:  5    God:    Okawaru [****..]
Gold:   688        SH: 11    Dex: 24    Spells: 10/10 levels left

rFire    x . .     SeeInvis .   a - +8 falchion of Duuh {holy, rF- rN+ Dex+6}
rCold    . . .     Gourm    .   c - +0 shield
rNeg     + . .     Faith    .   D - +5 ring mail of Divine Intervention {Dex+4}
rPois    .         Spirit   .   (helmet restricted)
rElec    .         Reflect  .   t - +0 cloak
rCorr    .         Harm     .   Q - +0 pair of gloves
MR       .....                  (no boots)
Stlth    +.........             (no amulet)
HPRegen  0.29/turn              j - +2 ring of protection
MPRegen  0.12/turn              C - +2 ring of dexterity

@: mighty
A: retaliatory headbutt, horns 2
a: Heroism, Renounce Religion


You were on level 11 of the Dungeon.
You worshipped Okawaru.
Okawaru was greatly pleased with you.
You were not hungry.

You visited 2 branches of the dungeon, and saw 12 of its levels.
You also visited: Sewer.

You collected 688 gold pieces.

Inventory:

Hand Weapons
 a - the +8 falchion of Duuh (weapon) {holy, rF- rN+ Dex+6}
   (You found it on level 6 of the Dungeon)

   It has been blessed by the Shining One to cause great damage to the undead
   and demons.
   It affects your dexterity (+6).
   It makes you vulnerable to fire.
   It protects you from negative energy.
 b - a +0 blowgun
 F - a +2 whip of flaming
Missiles
 g - 68 bolts
 k - 358 stones (quivered)
 x - 21 poisoned needles
 G - 8 tomahawks
Armour
 c - a +0 shield (worn)
 t - a +0 cloak (worn)
 D - the +5 ring mail of Divine Intervention (worn) {Dex+4}
   (You found it on level 4 of the Dungeon)

   It affects your dexterity (+4).
 Q - a +0 pair of gloves (worn)
Jewellery
 i - an uncursed ring of ice
 j - a +2 ring of protection (left hand)
 C - a +2 ring of dexterity (right hand)
 R - an uncursed ring of flight
 S - an uncursed ring of fire
 X - an uncursed ring of resist corrosion
Wands
 l - a wand of random effects (30)
 A - a wand of flame (23)
 H - a wand of acid (9)
Scrolls
 e - a scroll of magic mapping {unknown}
 h - 3 scrolls of amnesia
 m - 14 scrolls of teleportation
 o - 7 scrolls of identify
 q - 3 scrolls of blinking
 u - 3 scrolls of remove curse
 v - 4 scrolls of enchant weapon
 y - a scroll of fog
 M - 2 scrolls of enchant armour
 Z - a scroll of acquirement
Potions
 d - 5 potions of might
 n - 6 potions of curing
 r - a potion of ambrosia {unknown}
 s - a potion of flight {unknown}
Comestibles
 f - 20 rations
 p - a chunk of flesh


   Skills:
 + Level 16.2 Fighting
 - Level 2.5 Maces & Flails
 - Level 6.2 Throwing
 - Level 12.0 Armour
 * Level 4.2 Dodging
 - Level 3.7 Shields


You had 10 spell levels left.
You didn't know any spells.
Your spell library contained the following spells:

 Spells                   Type           Power        Failure   Level  Hunger
 Apportation              Tloc           #.....       97%         1    ##.....
 Confuse                  Hex            #.......     100%        3    ####...
 Invisibility             Hex            #.......     100%        6    #######
 Summon Ice Beast         Ice/Summ       #.......     100%        4    #####..
 Tukima's Dance           Hex            #.......     100%        3    ####...
 Call Canine Familiar     Summ           #.......     100%        3    ####...
 Ensorcelled Hibernation  Hex/Ice        #.....       99%         2    ###....
 Summon Butterflies       Summ           #.......     97%         1    ##.....
 Corona                   Hex            #......      97%         1    ##.....
 Alistair's Intoxication  Tmut/Pois      #.......     100%        5    ######.
 Summon Hydra             Summ           #.........   100%        7    #######
 Dazzling Spray           Conj/Hex       #.....       100%        3    ####...
 Summon Mana Viper        Hex/Summ       #.......     100%        5    ######.
 Lesser Beckoning         Tloc           #.........   100%        3    ####...


Dungeon Overview and Level Annotations

Branches:
Dungeon (11/15)            Temple (1/1) D:7            Lair (0/6) D:11
    Orc (0/2) D:10

Altars:
Ashenzari
Cheibriados
Dithmenos
Elyvilon
Fedhas
Gozag
Hepliaklqana
Kikubaaqudgha
Makhleb
Nemelex Xobeh
Okawaru
Qazlal
Ru
Sif Muna
Trog
Uskayaw
Vehumet
Wu Jian
Xom
Yredelemnul
Zin
The Shining One

Shops:
D:5 =   D:10 %

Annotations:
D:4 3 runed doors, lepoulpe303's ghost, amateur GrFi


Innate Abilities, Weirdness & Mutations

You reflexively headbutt those who attack you in melee.
You have a pair of horns on your head.


Message History

You block the two-headed ogre's attack.
The white ugly thing stings you but does no damage.
You slash the two-headed ogre!
You kill the two-headed ogre!
Okawaru is honoured by your kill.
You feel your dexterity returning.
Your Dodging skill increases to level 4!
The howler monkey hoots and howls with incredible vigour!
A bullfrog comes into view.
You block the white ugly thing's attack.
The bullfrog barely misses you.
You riposte.
You slice the bullfrog!!
You kill the bullfrog!
Okawaru accepts your kill.
You slash the killer bee! Your headbutt misses the killer bee.
The killer bee is heavily wounded.
The killer bee misses you. You furiously retaliate!
You headbutt the killer bee. The white ugly thing stings you!
* * * LOW HITPOINT WARNING * * *
The white ugly thing freezes you!!
You die...

..#..# #))
###.#..########..
..#.#............
####.#.#.........รท..
..#.#.#............
#F#.#.#....########
#)#.#.#....#
#y#.#.....########
#@#.#.............
#u#.#.............
#.#.#.............
..#.#...#########.
###.#...# ## ..#...#
# ..
####...########## ...
..................
...
............#####.


You could see a white ugly thing, a bullfrog and a killer bee.

Vanquished Creatures
  4 two-headed ogres
  Pikel (D:5)
  Joseph (D:8)
  A guardian serpent (D:11)
  A komodo dragon (D:11)
  A troll (D:11)
  5 hippogriffs
  Prince Ribbit (D:5)
  A meliai zombie (D:11)
  A shadow (D:11)
  3 wyverns
  11 yaks
  A vampire (D:11)
  A water moccasin (D:11)
  Duvessa (D:5)
  2 orc warriors
  A slave (D:5)
  A sky beast (D:10)
  4 ice beasts
  A black bear (D:9)
  7 ogres
  3 centaurs
  2 big kobolds (D:10)
  Dowan (D:5)
  7 bullfrogs
  5 scorpions
  A water moccasin skeleton (D:9)
  7 killer bees
  4 howler monkeys
  7 crimson imps
  2 quasits
  5 hounds
  A gnoll shaman (D:5)
  3 orc priests (D:7)
  4 jellies
  2 centaur skeletons
  8 orc wizards
  8 worker ants
  Ijyb (D:3)
  An iguana (D:6)
  Terence (D:3)
  A hound zombie (D:5)
  6 worker ant zombies
  Robin (D:3)
  13 adders
  7 gnolls (D:5)
  A howler monkey skeleton (D:5)
  2 river rats (D:5)
  4 shadow imps
  5 oozes (D:9)
  4 adder skeletons
  2 worms (D:2)
  5 dart slugs
  2 leopard geckos (D:7)
  41 orcs
  5 giant cockroaches
  17 goblins
  11 hobgoblins
  12 jackals
  3 quokkas
  3 ball pythons
  9 bats
  6 frilled lizards
  A jackal skeleton (D:4)
  29 kobolds
  2 leopard gecko skeletons
  3 rats
  9 plants (Sewer)
327 creatures vanquished.

Vanquished Creatures (others)
  A crimson imp (D:5)
  An orc wizard (D:5)
  2 jackals (D:5)
  A fungus (D:4)
  19 plants
  4 toadstools (D:1)
28 creatures vanquished.

Grand Total: 355 creatures vanquished

Notes
Turn   | Place    | Note
-------+----------+-------------------------------------------
     0 | D:1      | AymanAU the Minotaur Fighter began the quest for the Orb.
     0 | D:1      | Reached XP level 1. HP: 19/19 MP: 0/0
   180 | D:1      | Reached skill level 4 in Fighting
   180 | D:1      | Reached XP level 2. HP: 27/27 MP: 1/1
   897 | D:1      | Reached XP level 3. HP: 35/35 MP: 2/2
  1053 | D:2      | Reached skill level 5 in Fighting
  1578 | D:2      | Reached XP level 4. HP: 44/44 MP: 3/3
  1691 | D:3      | Noticed Terence
  1698 | D:3      | Killed Terence
  1698 | D:3      | Reached skill level 6 in Fighting
  1904 | D:3      | Noticed Robin
  1905 | D:3      | Noticed Ijyb
  1913 | D:3      | Killed Ijyb
  1913 | D:3      | Reached XP level 5. HP: 37/50 MP: 4/4
  1919 | D:3      | Reached skill level 5 in Armour
  2069 | D:3      | Killed Robin
  2637 | D:4      | Reached XP level 6. HP: 58/58 MP: 5/5
  2729 | D:4      | Got a steaming ring mail
  2803 | D:4      | Reached skill level 7 in Fighting
  2893 | D:4      | Identified the +5 ring mail of Divine Intervention {Dex+4} (You found it on level 4 of the Dungeon)
  2954 | D:4      | Found a runed gate.
  2955 | D:4      | Found a runed gate.
  2955 | D:4      | Noticed lepoulpe303's ghost (amateur GrFi)
  2956 | D:4      | Found a runed gate.
  3219 | D:5      | Entered Level 5 of the Dungeon
  3237 | D:5      | Reached skill level 8 in Fighting
  3240 | D:5      | Reached XP level 7. HP: 68/68 MP: 6/6
  3262 | D:5      | Found a glowing drain.
  3287 | Sewer    | Entered a sewer
  4151 | D:5      | Reached skill level 9 in Fighting
  4178 | D:5      | Noticed Pikel
  4218 | D:5      | Killed Pikel
  4218 | D:5      | Reached skill level 10 in Fighting
  4218 | D:5      | Reached XP level 8. HP: 14/81 MP: 7/7
  4536 | D:5      | Noticed Duvessa
  4537 | D:5      | Noticed Dowan
  4554 | D:5      | Killed Duvessa
  4559 | D:5      | Killed Dowan
  4904 | D:5      | Noticed Prince Ribbit
  5007 | D:5      | Found Leuf's Jewellery Emporium.
  5109 | D:5      | Killed Prince Ribbit
  5137 | D:5      | Found a deep blue altar of Sif Muna.
  5222 | D:6      | Got a faintly glowing falchion
  5223 | D:6      | Identified the +8 falchion of Duuh {holy, rF- rN+ Dex+6} (You found it on level 6 of the Dungeon)
  5707 | D:6      | Found a snail-covered altar of Cheibriados.
  5712 | D:6      | Found a sacrificial altar of Ru.
  5730 | D:6      | Reached XP level 9. HP: 79/86 MP: 8/8
  5747 | D:6      | Reached skill level 5 in Throwing
  6193 | D:7      | Reached skill level 11 in Fighting
  6260 | D:7      | Found a staircase to the Ecumenical Temple.
  6656 | D:7      | Reached skill level 12 in Fighting
  6847 | D:7      | HP: 9/91 [orc warrior/halberd (12)]
  6876 | Temple   | Entered the Ecumenical Temple
  7520 | D:7      | Found a blossoming altar of Fedhas.
  7544 | D:8      | Noticed a two-headed ogre
  7551 | D:8      | Killed a two-headed ogre
  7551 | D:8      | Reached skill level 13 in Fighting
  7553 | D:8      | Noticed Joseph
  7566 | D:8      | Killed Joseph
  7566 | D:8      | Reached XP level 10. HP: 78/102 MP: 9/9
  7676 | D:8      | Reached skill level 14 in Fighting
  7785 | D:8      | Found a shattered altar of Ashenzari.
  7822 | D:8      | Found a radiant altar of Vehumet.
  7832 | D:8      | Found a glowing golden altar of the Shining One.
  7861 | D:8      | Found a stormy altar of Qazlal.
  7886 | D:8      | Found a hazy altar of Hepliaklqana.
  8578 | D:9      | Found an iron altar of Okawaru.
  8617 | D:9      | Noticed a two-headed ogre
  8625 | D:9      | Killed a two-headed ogre
  8625 | D:9      | Reached skill level 15 in Fighting
  8902 | D:9      | Became a worshipper of Warmaster Okawaru
  9269 | D:10     | Entered Level 10 of the Dungeon
  9377 | D:10     | Reached * piety under Okawaru
  9460 | D:10     | Reached skill level 16 in Fighting
  9636 | D:10     | Identified a scroll of acquirement
  9892 | D:10     | HP: 16/107 [yak (3)]
  9894 | D:10     | HP: 5/107 [yak (7)]
  9959 | D:10     | HP: 15/107 [yak (7)]
  9968 | D:10     | HP: 10/107 [yak (7)]
  9969 | D:10     | Reached XP level 11. HP: 11/114 MP: 7/10
 10363 | D:10     | Found a staircase to the Orcish Mines.
 10455 | D:10     | Found Wouroym's Food Boutique.
 10731 | D:11     | Reached ** piety under Okawaru
 10762 | D:11     | Found a glowing silver altar of Zin.
 10808 | D:11     | Reached skill level 10 in Armour
 11009 | D:11     | Reached *** piety under Okawaru
 11268 | D:11     | Found a staircase to the Lair.
 11705 | D:11     | Reached skill level 1 in Dodging
 11706 | D:11     | Noticed a two-headed ogre
 11714 | D:11     | Killed a two-headed ogre
 11719 | D:11     | Noticed a white ugly thing
 11720 | D:11     | Noticed a two-headed ogre
 11726 | D:11     | HP: 17/114 [white ugly thing (21)]
 11731 | D:11     | Killed a two-headed ogre
 11731 | D:11     | Reached **** piety under Okawaru
 11732 | D:11     | Slain by a white ugly thing

Skill      XL: |  1  2  3  4  5  6  7  8  9 10 11 |
---------------+----------------------------------+-----
Fighting       | 4 5 6 8 10 13 16 | 16.2
Armour         | 4 6 8 9 12 | 12.0
Throwing       | 4 6 |  6.2
Dodging        | 4 |  4.2
Maces & Flails | |  2.5
Shields        | |  3.7

Action                   |  1- 3 |  4- 6 |  7- 9 | 10-12 || total
-------------------------+-------+-------+-------+-------++-------
Melee: Flail             |   125 |   167 |   239 |       ||   531
       Headbutt          |    20 |    25 |   143 |   122 ||   310
       Falchion          |       |       |   131 |   317 ||   448
 Fire: Blowgun           |       |       |       |     2 ||     2
Throw: Stone             |       |       |    18 |     5 ||    23
Invok: Heroism           |       |       |       |     5 ||     5
  Use: Scroll            |       |       |       |    12 ||    12
       Potion            |       |       |       |     5 ||     5
 Stab: Sleeping          |       |       |     1 |     1 ||     2
  Eat: Chunk             |     2 |     6 |    13 |    16 ||    37
Armor: Scale mail        |    40 |       |       |       ||    40
       Plate armour      |    58 |   188 |       |       ||   246
       Ring mail         |       |    15 |   151 |   170 ||   336
Dodge: Dodged            |    33 |    58 |   119 |   139 ||   349
Block: Shield            |    78 |   137 |   177 |   232 ||   624
       Rpst.: Falchion   |       |       |    12 |    35 ||    47
